 Dungeon Crawl Stone Soup version 0.29-a0-72-g1732ff48e7 (webtiles) character file.

Game seed: 3482312947748982362

194 Hubjo the Sneak (level 5, -13/30 HPs)
             Began as a Vampire Enchanter on Feb 3, 2022.
             Mangled by an ogre (29 damage)
             ... on level 4 of the Dungeon.
             The game lasted 00:10:35 (2274 turns).

Hubjo the Sneak (Vampire Enchanter)                 Turns: 2274, Time: 00:10:35

Health: -13/30     AC:  5    Str:  7    XL:     5   Next: 44%
Magic:  8/8        EV: 12    Int: 17    God:
Gold:   110        SH:  0    Dex: 17    Spells: 8/8 levels left

rFire   + + .      SeeInvis +   d - +3 whip of Kehass {freeze, *Rage rF++ rN+ rCorr}
rCold   + + .      Faith    .   (no shield)
rNeg    + + +      Spirit   .   h - +2 leather armour of Generosity {rCorr Stlth+}
rPois   ∞          Reflect  .   (no helmet)
rElec   .          Harm     .   (no cloak)
rCorr   +          Rampage  .   (no gloves)
Will    .....                   (no boots)
Stlth   ++++++....              (no amulet)
HPRegen 0.00/turn               (no ring)
MPRegen 0.11/turn               (no ring)

@: bloodless, inhibited regen
A: bloodless, fangs 3, see invisible, vampiric 2
a: Bat Form, Revivify


You were on level 4 of the Dungeon.
You visited 1 branch of the dungeon, and saw 4 of its levels.

You collected 110 gold pieces.

Inventory:

Hand Weapons
 a - a +1 dagger
 d - the +3 whip of Kehass (weapon) {freeze, *Rage rF++ rN+ rCorr}
   (You found it on level 2 of the Dungeon)

   It freezes those it strikes, dealing additional cold damage.
   It can also slow down cold-blooded creatures.
   rF:        It greatly protects you from fire.
   rN:        It protects you from negative energy.
   *Rage:     It berserks you when you make melee attacks (+20% chance).
   rCorr:     It protects you from acid and corrosion.
 o - a +0 morningstar of venom
Armour
 b - a +0 robe
 h - the +2 leather armour of Generosity (worn) {rCorr Stlth+}
   (You found it on level 3 of the Dungeon)

   rCorr:     It protects you from acid and corrosion.
   Stlth:     It makes you more stealthy.
Jewellery
 k - a ring of willpower
Scrolls
 l - a scroll of vulnerability
Potions
 c - a potion of invisibility
 e - a potion of heal wounds
 g - a potion of lignification


   Skills:
 + Level 1.9 Fighting
 + Level 2.3 Short Blades
 + Level 3.2 Dodging
 * Level 6.6 Stealth
 - Level 2.0 Spellcasting
 + Level 5.3 Hexes


You had 8 spell levels left.
You didn't know any spells.
Your spell library contained the following spells:

 Spells                   Type           Power      Damage    Failure   Level
 Confusing Touch          Hex            19%        N/A       10%         3
 Tukima's Dance           Hex            19%        N/A       10%         3
 Ensorcelled Hibernation  Hex/Ice        20%        N/A       16%         2
 Dazzling Flash           Conj/Hex       20%        N/A       30%         3


Dungeon Overview and Level Annotations

Branches:
Dungeon (4/15)
 Temple: D:4-7

Altars:


Innate Abilities, Weirdness & Mutations

You do not regenerate when monsters are visible.
You are frail without blood (-20% HP).
You can heal yourself when you bite living creatures.
You are immune to poison.
You have razor-sharp teeth.
You have supernaturally acute eyesight. (SInv)
You are afflicted with vampirism and can become a bat while bloodless.


Message History

You hit the ogre. You freeze the ogre. You bite the ogre.
You kill the ogre!
You have reached level 5!
You feel agile.
You start resting.
HP restored.
Found 17 stones.
f - a scroll of fear You now have 110 gold pieces (gained 11).
You see here a +0 giant spiked club.
Found a stone staircase leading up.
Found a stone staircase leading down.
A dart slug and a kobold come into view.
An iguana comes into view.
An ogre comes into view. It is wielding a +0 giant club.
The ogre shouts!
The dart slug launches a dart at you. The slug dart misses you.
The dart slug launches a dart at you. The slug dart misses you.
You hit the ogre. You freeze the ogre.
The ogre is lightly wounded.
The ogre hits you with a +0 giant club!!
Ouch! That really hurt!
* * * LOW HITPOINT WARNING * * *
You feel much better.
As you read the scroll of fear, it crumbles to dust.
You assume a fearsome visage.
The dart slug looks frightened!
The ogre looks frightened!
You hit the ogre. You freeze the ogre.
Your attack snaps the ogre out of its fear.
The ogre is lightly wounded.
Cornered, the ogre turns to fight!
The ogre hits you with a +0 giant club!
You hit the ogre. You freeze the ogre.
The ogre is moderately wounded.
You hit the ogre. You freeze the ogre.
The ogre is heavily wounded.
The ogre hits you with a +0 giant club!!
Ouch! That really hurt!
You die...

#....................####,,,
#..........#............#.,,
#...)....#.#....w.........,,
*#........#.#..<..........#**
#....#.#.##.#.......w.....#,,
#.####.#.##.#.............#,,
#......#.##...#######....l#,,
#####......#..# *,.....,,
#....#.#@.# *,,..##**
#....#...O# *,,,.# *
#...(###### *,,,,# #....#
*,,,,* #....# ****,****
###### *,,,,, ******


You could see an ogre and a dart slug (fleeing).

Vanquished Creatures
  An ogre (D:4)
  2 hounds (D:4)
  2 adders
  A worm (D:3)
  An orc (D:4)
  2 bats
  3 endoplasms
  3 goblins
  3 hobgoblins
  2 jackals (D:2)
  7 kobolds
  2 quokkas
  2 ball pythons (D:2)
  2 frilled lizards (D:3)
  3 rats (D:3)
36 creatures vanquished.

Notes
Turn   | Place    | Note
-------+----------+-------------------------------------------
     0 | D:1      | Hubjo the Vampire Enchanter began the quest for the Orb.
     0 | D:1      | Reached XP level 1. HP: 13/13 MP: 3/3
   100 | D:2      | Identified the +3 whip of Kehass {freeze, *Rage rF++ rN+
                  | rCorr}
   228 | D:2      | Reached XP level 2. HP: 20/20 MP: 5/5
   264 | D:3      | Reached skill level 1 in Fighting
   264 | D:3      | Reached skill level 5 in Stealth
   267 | D:3      | Gained mutation: You are afflicted with vampirism and can
                  | become a bat while bloodless. [Vampire growth]
   267 | D:3      | Reached XP level 3. HP: 8/26 MP: 6/6
   466 | D:3      | Identified the +2 leather armour of Generosity {rCorr
                  | Stlth+}
  1526 | D:4      | Reached XP level 4. HP: 20/25 MP: 7/7
  1618 | D:4      | Reached skill level 5 in Hexes
  1622 | D:4      | Reached skill level 6 in Stealth
  2039 | D:4      | Noticed an ogre
  2049 | D:4      | Killed an ogre
  2050 | D:4      | Reached XP level 5. HP: 13/30 MP: 8/8
  2252 | D:4      | Noticed an ogre
  2274 | D:4      | Mangled by an ogre

Illustrated notes

Levels and vault maps discovered:
D:1:      heliophobic_arrival_battle_scene, layout_loops_ring,
          shapermc_ecumenical_altar_notcrosses
D:2:      layout_basic, basic_altar, minmay_cupped
D:3:      layout_basic
D:4:      layout_basic, nicolae_overflow_crystal_walls, kennysheep_minor_cross,
          lemuel_flame_loot_1

Skill      XL: |  1  2  3  4 |
---------------+-------------+-----
Fighting       | 1 |  1.9
Stealth        | 5 6 |  6.6
Short Blades   | 2 |  2.3
Dodging        | 3 |  3.2
Hexes          | 5 |  5.3
Spellcasting   | |  2.0

Action                   |  1- 3 |  4- 6 || total
-------------------------+-------+-------++-------
Melee: Dagger            |    28 |       ||    28
       Whip              |    49 |    25 ||    74
       Bite              |     5 |     2 ||     7
       Punch             |       |     1 ||     1
 Abil: Exsanguinate      |     1 |       ||     1
  Use: Scroll            |     2 |     5 ||     7
       Potion            |       |     4 ||     4
 Stab: Sleeping          |    11 |     1 ||    12
Armor: Robe              |     8 |       ||     8
       Leather armour    |    12 |     2 ||    14
Dodge: Dodged            |    52 |    15 ||    67

Table legend: (Time is in decaauts)
 A = Elapsed time spent in this place.
 B = Non-inter-level travel time spent in this place.
 C = Inter-level travel time spent in this place.
 D = Time resting spent in this place.
 E = Time spent auto-exploring this place.
 F = Levels seen in this place.
 G = Mean time per level.
                   A        B        C        D        E       F      G
               +--------+--------+--------+--------+--------+-----+--------+
         Total |   2297 |   1997 |    300 |    759 |    752 |   4 |  574.2 |
       Dungeon |   2297 |   1997 |    300 |    759 |    752 |   4 |  574.2 |
               +--------+--------+--------+--------+--------+-----+--------+

Top non-repeatable levels by time:
     D:3: 1246 daAuts
     D:4: 773 daAuts
     D:2: 271 daAuts
     D:1: 6 daAuts
